 Dungeon Crawl Stone Soup version 0.27.0-1-g7a089689b8 (webtiles) character file.

Game seed: 16155087886749564293

67 Sin92 the Skirmisher (level 4, 0/35 HPs)
             Began as a Demonspawn Fighter on Aug 1, 2021.
             Slain by Sigmund (2 damage)
             ... on level 3 of the Dungeon.
             The game lasted 00:02:02 (1809 turns).

Sin92 the Skirmisher (Demonspawn Fighter)           Turns: 1809, Time: 00:02:02

Health: 0/35       AC:  6    Str: 16    XL:     4   Next: 0%
Magic:  0/4        EV:  7    Int: 10    God:
Gold:   32         SH:  9    Dex: 13    Spells: 3/3 levels left

rFire    . . .     SeeInvis .   a - +0 long sword
rCold    . . .     Faith    .   c - +0 kite shield
rNeg     . . .     Spirit   +   b - +0 scale mail
rPois    .         Reflect  .   (no helmet)
rElec    .         Harm     .   (no cloak)
rCorr    .         Rampage  .   (no gloves)
Will     .....                  (no boots)
Stlth    ..........             f - amulet of guardian spirit
HPRegen  0.11/turn              (no ring)
MPRegen  0.09/turn              (no ring)

@: weak-willed
A: demonic guardian 2
a: no special abilities


You were on level 3 of the Dungeon.
You visited 1 branch of the dungeon, and saw 3 of its levels.

You collected 32 gold pieces.

Inventory:

Hand Weapons
 a - a +0 long sword (weapon)
Armour
 b - a +0 scale mail (worn)
 c - a +0 kite shield (worn)
Jewellery
 f - an amulet of guardian spirit (around neck)
Scrolls
 h - a scroll of amnesia {unknown}
 i - a scroll of enchant weapon {unknown}
 l - a scroll of blinking {unknown}
 m - 3 scrolls of identify {unknown}
Potions
 d - a potion of might
 e - a potion of flight {unknown}
 g - a potion of haste {unknown}


   Skills:
 + Level 3.3 Fighting
 * Level 2.7 Long Blades
 + Level 3.1 Armour
 + Level 1.1 Dodging
 + Level 3.0 Shields


You had 3 spell levels left.
You didn't know any spells.
Your spell library contained the following spells:

 Spells                   Type           Power      Damage    Failure   Level
 Blink                    Tloc           N/A        N/A       100%        2
 Lesser Beckoning         Tloc           0%         N/A       100%        3
 Manifold Assault         Tloc           0%         N/A       100%        5


Dungeon Overview and Level Annotations

Branches:
Dungeon (3/15)

Altars:

Shops:
D:1 ?

Annotations:
D:3 Sigmund


Innate Abilities, Weirdness & Mutations

A demonic guardian rushes to your aid.


Message History

Sigmund gestures wildly while chanting.
Sigmund flickers and vanishes!
Deactivating autopickup; reactivate with Ctrl-A.
Something hits you but does no damage.
Unknown command.
There is a strange disturbance nearby!
No target in view!
As you read the scroll labelled XOZ ZEBREM, it crumbles to dust.
You hear a loud clanging noise!
It was a scroll of noise.
Something hits you!
A demonic guardian appears!
As you read the scroll labelled TEAPHUINAHU, it crumbles to dust.
Magic quickly surges around you.
It was a scroll of vulnerability.
Something hits you!
Unknown command.
You swap places.
You block something's attack.
Something hits your rust devil but does no damage.
You swap places.
You hear some strange, mumbled words.
Something tries to affect you, but you resist.
You swap places.
Something hits you but does no damage. You block something's attack.
Something hits you!
* * * LOW HITPOINT WARNING * * *
A demonic guardian appears!
Something hits you.
* * * LOW HITPOINT WARNING * * *
You swap places.
You block something's attack.
Something barely misses your rust devil.
Something hits you.
* * * LOW HITPOINT WARNING * * *
You swap places.
You hear some strange, mumbled words.
Something tries to affect you, but you resist.
You hit something but do no damage. Something hits you but does no damage.
You closely miss something.
Your rust devil disappears in a puff of smoke!
Something hits you but does no damage. You block something's attack.
You closely miss something. Something hits you.
You die...

######## #.....4#
#.####@### #...ยง..#
##.#.#.# ########## #
#.#.#.# #......... #.
#.#.#.#####.#######.
##.##.#.#.##..........#.
......#.#.##.##.####.##.
###.....................
.........(##..######.##.


You could see a friendly hellwing (summoned).

Vanquished Creatures
  Jessica (D:3)
  7 ball pythons
  3 bats
  5 endoplasms
  6 goblins
  A hobgoblin (D:1)
  3 jackals (D:1)
  2 kobolds (D:1)
  2 frilled lizards (D:1)
  6 rats
36 creatures vanquished.

Vanquished Creatures (collateral kills)
  A goblin (D:1)
  A jackal (D:1)
  A frilled lizard (D:1)
3 creatures vanquished.

Grand Total: 39 creatures vanquished

Notes
Turn   | Place    | Note
-------+----------+-------------------------------------------
     0 | D:1      | Sin92 the Demonspawn Fighter began the quest for the Orb.
     0 | D:1      | Reached XP level 1. HP: 18/18 MP: 1/1
   182 | D:1      | Found a faded altar of an unknown god.
   209 | D:1      | Found Mykuth's Magic Scroll Boutique.
   222 | D:1      | Gained mutation: A weak demonic guardian rushes to your
                  | aid. [demonic ancestry]
   222 | D:1      | Reached XP level 2. HP: 22/24 MP: 2/2
  1099 | D:1      | Gained mutation: A demonic guardian rushes to your aid.
                  | [demonic ancestry]
  1099 | D:1      | Reached XP level 3. HP: 27/29 MP: 1/3
  1279 | D:2      | You fall into a shaft and drop 1 floor!
  1655 | D:3      | Noticed Jessica
  1659 | D:3      | Killed Jessica
  1660 | D:3      | Reached skill level 1 in Dodging
  1783 | D:3      | Reached XP level 4. HP: 35/35 MP: 4/4
  1788 | D:3      | Noticed Sigmund
  1805 | D:3      | HP: 1/35 [something (3)]
  1809 | D:3      | Slain by Sigmund

Illustrated notes

Levels and vault maps discovered:
D:1:      nzn_arrival_settlement, layout_loops_ring, serial_shops, shop,
          shapermc_ecumenical_altar_venn, minmay_tetromino_s4
D:2:      minmay_skewed_foursquare, layout_basic, basic_altar
D:3:      layout_basic, uniq_sigmund, uniq_jessica

Skill      XL: |  1  2  3 |
---------------+----------+-----
Long Blades    | 2 |  2.7
Armour         | 3 |  3.1
Dodging        | 1 |  1.1
Shields        | 3 |  3.0
Fighting       | |  3.3

Action                   |  1- 3 |  4- 6 || total
-------------------------+-------+-------++-------
Melee: Long sword        |    90 |     4 ||    94
  Use: Scroll            |       |     2 ||     2
Armor: Scale mail        |    44 |     4 ||    48
Dodge: Dodged            |    29 |       ||    29
Block: Kite shield       |    45 |     4 ||    49
       Rpst.: Long sword |    13 |       ||    13
